 Dungeon Crawl Stone Soup version 0.30.0-10-gfe55d96785 (webtiles) character file.

Game seed: 6978998857982859211

88 Dadi the Trooper (level 4, -2/30 HPs)
             Began as a Gargoyle Monk on May 14, 2023.
             Slain by a gnoll
             ... wielding a +0 halberd
              (6 damage)
             ... on level 3 of the Dungeon.
             The game lasted 00:02:42 (2004 turns).

Dadi the Trooper (Gargoyle Monk)                    Turns: 2004, Time: 00:02:43

Health: -2/30      AC:  9    Str: 17    XL:     4   Next: 54%
Magic:  4/4        EV:  6    Int: 10    God:
Gold:   120        SH:  0    Dex: 12    Spells: 3/3 levels left

rFire   . . .        a - +0 mace
rCold   . . .        d - orb {light}
rNeg    + . .        p - +2 leather armour {rPois}
rPois   ∞            (no helmet)
rElec   +            (no cloak)
rCorr   .            (no gloves)
SInv    .            l - +0 pair of boots
Will    .....        (no amulet)
Stlth   +            (no ring)
HPRegen 0.25/turn    (no ring)
MPRegen 0.09/turn

%: no passive effects
@: held, glowing
A: sickness immunity, AC +3, negative energy resistance 1, electricity
resistance, torment resistance 1, petrification resistance
a: no special abilities


You were on level 3 of the Dungeon.
You visited 1 branch of the dungeon, and saw 3 of its levels.

You collected 120 gold pieces.

Inventory:

Hand Weapons
 a - a +0 mace (weapon)
Armour
 b - a +0 robe
 d - an orb of light (worn)
 l - a +0 pair of boots (worn)
 p - a +2 leather armour of poison resistance (worn)
Jewellery
 g - an amulet of faith
Scrolls
 f - 2 scrolls of identify {unknown}
 j - a scroll of vulnerability {unknown}
 m - a scroll of fog {unknown}
 n - a scroll of enchant armour {unknown}
 o - a scroll of poison {unknown}
Potions
 c - a potion of ambrosia
 e - 3 potions of curing {unknown}
 h - a potion of attraction {unknown}
 i - a potion of heal wounds {unknown}
 k - a potion of degeneration {unknown}


   Skills:
 + Level 4.6 Fighting
 + Level 4.2 Maces & Flails
 - Level 2.4 Dodging


You had 3 spell levels left.
You didn't know any spells.
Your spell library contained the following spells:

 Spells                   Type           Power      Damage    Failure   Level
 Beastly Appendage        Tmut           0%         N/A       43%         1
 Wereblood                Tmut           0%         N/A       56%         2
 Spider Form              Tmut/Pois      0%         N/A       80%         3


Dungeon Overview and Level Annotations

Branches:
Dungeon (3/15)

Altars:

Shops:
D:1 :


Innate Abilities, Weirdness & Mutations

You are immune to sickness and miasma.
Your stone body is resilient. (AC +3)
You are immune to poison.
You resist negative energy. (rN+)
You are resistant to electric shocks. (rElec)
You are resistant to unholy torment.
You are immune to petrification.


Message History

There is a stone staircase leading down here.
You barely miss the gnoll. The gnoll closely misses you.
You hit the gnoll.
The gnoll is moderately wounded.
The gnoll hits you with a +0 club.
You hit the gnoll but do no damage.
The gnoll is moderately wounded.
The gnoll barely misses you. x2
You hit the gnoll.
The gnoll is severely wounded.
The gnoll hits you with a +0 club.
You sock the gnoll!
You kill the gnoll!
Things that are here:
a +0 club; a gnoll corpse You start resting.
HP restored.
There is a stone staircase leading down here.
You climb downwards.
The gnoll barely misses you. The gnoll closely misses you.
There is a stone staircase leading up here.
The gnoll hits you from afar with a +0 halberd!
The gnoll barely misses you.
You sock the gnoll!
The gnoll is heavily wounded.
The gnoll misses you. The gnoll hits you with a +0 spear!
The gnoll hits you from afar with a +0 halberd!
* * * LOW HITPOINT WARNING * * *
The gnoll hits you with a +0 spear.
* * * LOW HITPOINT WARNING * * *
The gnoll barely misses you.
The gnoll throws a throwing net.
The throwing net hits you.
You become entangled in the net!
There is a stone staircase leading up here.
You see here a throwing net.
You struggle against the net.
The gnoll hits you from afar with a +0 halberd.
* * * LOW HITPOINT WARNING * * *
The gnoll hits you but does no damage.
You struggle against the net.
The gnoll hits you from afar with a +0 halberd.
You die...

#####†## #^##.##.#
#####.# #.##.##.#
......# #.......#
#####'## ####.#.##
##...## #.#.##
##.....## #....#
##.......## ###.##
#.........####g..#
..........'...).@#
..........####g..#
##.....g.## ##.##
###.....## ###
###...[## ....#g##
#####.# #.#
#####g##


You could see 2 gnolls.

Vanquished Creatures
  2 gnolls
  A dart slug (D:1)
  4 ball pythons
  3 bats
  11 endoplasms
  6 giant cockroaches
  8 goblins
  6 hobgoblins
  4 jackals
  3 kobolds
  A quokka (D:2)
  3 frilled lizards
  5 rats
57 creatures vanquished.

Notes
Turn   | Place    | Note
-------+----------+-------------------------------------------
     0 | D:1      | Dadi the Gargoyle Monk began the quest for the Orb.
     0 | D:1      | Reached XP level 1. HP: 14/14 MP: 1/1
   144 | D:1      | Reached XP level 2. HP: 19/19 MP: 2/2
   144 | D:1      | Found Vyqule Affu's Book Boutique.
   189 | D:1      | Found a faded altar of an unknown god.
   635 | D:1      | Reached XP level 3. HP: 23/24 MP: 3/3
  1367 | D:2      | Reached XP level 4. HP: 28/30 MP: 4/4
  2004 | D:3      | Slain by a gnoll

Illustrated notes

Levels and vault maps discovered:
D:1:      lemuel_arrival_funnel, layout_loops_corners, serial_shops,
          nicolae_shop_peninsula, hellmonk_ecumenical_altar_crossroads
D:2:      layout_basic
D:3:      minmay_angry_zag, layout_loops_corners,
          nicolae_qazlal_eye_of_the_storm, makhleb_altar_promises_db

Skill      XL: |  1  2  3 |
---------------+----------+-----
Fighting       | 4 |  4.6
Maces & Flails | 4 |  4.2
Dodging        | |  2.4

Action                     |  1- 3 |  4- 6 || total
---------------------------+-------+-------++-------
  Melee: Mace              |   117 |    26 ||   143
 Armour: Robe              |    40 |     6 ||    46
         Leather armour    |       |     4 ||     4
  Dodge: Dodged            |    92 |    17 ||   109
